 Dungeon Crawl Stone Soup version 0.26-a0-663-g36e8fdb655 (webtiles) character file.

Game seed: 8298559742600210934

424 Peloso the Covered (level 6, 0/55 HPs)
             Began as a Minotaur Fighter on Oct 11, 2020.
             Was a Follower of Okawaru.
             Slain by a gnoll sergeant
             ... wielding a +0 trident
              (8 damage)
             ... on level 4 of the Dungeon.
             The game lasted 00:06:59 (2685 turns).

Peloso the Covered (Minotaur Fighter)               Turns: 2685, Time: 00:07:00

Health: 0/55       AC:  8    Str: 21    XL:     6   Next: 64%
Magic:  5/5        EV:  4    Int:  5    God:    Okawaru [*.....]
Gold:   184        SH:  0    Dex: 11    Spells: 5/5 levels left

rFire    . . .     SeeInvis .   a - +1 long sword
rCold    + . .     Faith    +   c - +0 kite shield
rNeg     . . .     Spirit   .   b - +0 scale mail
rPois    .         Reflect  .   (helmet restricted)
rElec    .         Harm     .   (no cloak)
rCorr    .         Rampage  .   (no gloves)
MR       +....                  m - +0 pair of boots
Stlth    ..........             r - amulet of faith
HPRegen  0.18/turn              i - ring of protection from magic
MPRegen  0.09/turn              o - ring of protection from cold

@: held
A: retaliatory headbutt, horns 2
a: Heroism, Renounce Religion


You were on level 4 of the Dungeon.
You worshipped Okawaru.
Okawaru was aware of your devotion.
You visited 1 branch of the dungeon, and saw 4 of its levels.

You collected 184 gold pieces.

Inventory:

Hand Weapons
 a - a +1 long sword (weapon)
Missiles
 s - 50 bolts
Armour
 b - a +0 scale mail (worn)
 c - a +0 kite shield (worn)
 m - a +0 pair of boots (worn)
Jewellery
 i - a ring of protection from magic (left hand)
 k - a +6 ring of intelligence
 o - a ring of protection from cold (right hand)
 r - an amulet of faith (around neck)
 w - an uncursed ring of resist corrosion {unknown}
Wands
 y - a wand of acid (7)
Scrolls
 f - a scroll of teleportation
 h - 3 scrolls of remove curse
 q - a scroll of fog
 t - a scroll of enchant armour
 u - a scroll of immolation
 z - a scroll of amnesia
Potions
 d - 4 potions of might
 e - 2 potions of brilliance
 g - a potion of ambrosia {unknown}
 j - a potion of magic
 l - 2 potions of curing
 n - 3 potions of flight {unknown}
 p - a potion of stabbing {unknown}
 v - a potion of degeneration {unknown}
 x - a potion of invisibility {unknown}


   Skills:
 + Level 4.9 Fighting
 + Level 4.4 Long Blades
 + Level 5.9 Armour
 + Level 1.4 Dodging
 + Level 0.2 Stealth
 + Level 5.4 Shields


You had 5 spell levels left.
You didn't know any spells.
Your spell library was empty.

Dungeon Overview and Level Annotations

Branches:
Dungeon (4/15)
 Temple: D:4-7

Altars:
Okawaru
The Shining One


Innate Abilities, Weirdness & Mutations

You reflexively headbutt those who attack you in melee.
You have a pair of horns on your head.


Message History

The gnoll sergeant closely misses you. You block the gnoll's attack.
The gnoll hits you with a +0 whip! The gnoll sergeant closely misses you.
You riposte.
You hit the gnoll sergeant.
The gnoll sergeant is heavily wounded.
You block the gnoll's attack.
The gnoll throws a throwing net.
You block the throwing net.
You see here a throwing net.
The gnoll throws a throwing net.
The throwing net hits you.
You become entangled in the net!
You see here a throwing net.
You struggle against the net.
The gnoll sergeant hits you from afar with a +0 trident!
* * * LOW HITPOINT WARNING * * *
You struggle against the net.
The gnoll sergeant barely misses you.
You tear a large gash into the net.
The gnoll sergeant hits you from afar with a +0 trident!
* * * LOW HITPOINT WARNING * * *
You struggle against the net.
The gnoll sergeant hits you from afar with a +0 trident!
You die...

. #.........).≈###### .
#.####......≈≈#...# .
#......≈≈#...# .
####......≈≈#...# .
..........≈###g##
..#########.##≈##≈g≈##≈#
.........##.##≈≈≈≈.≈≈≈≈#
.................#g#####
...........<....@..#
........[........#######
#########..............#
........'..............#
#########..............#
.....†.................#
.########..............#
........#..............#
........#..............#


You could see a gnoll sergeant and 2 gnolls.

Vanquished Creatures
  Eustachio (D:4)
  2 orc wizards (D:4)
  Natasha (D:4)
  2 worker ants
  5 adders
  A worm (D:3)
  3 dart slugs
  2 leopard geckos
  11 orcs
  2 ball pythons
  13 bats
  6 giant cockroaches
  6 goblins
  4 hobgoblins
  5 jackals
  7 kobolds
  6 frilled lizards
  8 rats
85 creatures vanquished.

Notes
Turn   | Place    | Note
-------+----------+-------------------------------------------
     0 | D:1      | Peloso the Minotaur Fighter began the quest for the Orb.
     0 | D:1      | Reached XP level 1. HP: 19/19 MP: 0/0
    79 | D:1      | Reached XP level 2. HP: 27/27 MP: 1/1
   254 | D:1      | Reached XP level 3. HP: 29/33 MP: 2/2
   835 | D:2      | Found a glowing golden altar of the Shining One.
  1132 | D:3      | Reached XP level 4. HP: 38/40 MP: 3/3
  1724 | D:3      | Reached XP level 5. HP: 46/47 MP: 4/4
  1914 | D:4      | Reached skill level 5 in Shields
  1937 | D:4      | Found an iron altar of Okawaru.
  1957 | D:4      | Became a worshipper of Warmaster Okawaru
  1967 | D:4      | Reached skill level 5 in Armour
  1970 | D:4      | Reached skill level 1 in Dodging
  2094 | D:4      | Noticed Eustachio
  2124 | D:4      | Killed Eustachio
  2124 | D:4      | Reached XP level 6. HP: 14/55 MP: 5/5
  2375 | D:4      | Reached * piety under Okawaru
  2385 | D:4      | Noticed Natasha
  2397 | D:4      | Killed Natasha
  2685 | D:4      | Slain by a gnoll sergeant

Illustrated notes

Levels and vault maps discovered:
D:1:      saegor_arrival_under_anarchy, layout_rooms,
          hangedman_decor_clover_reticule
D:2:      layout_rooms, tso_oasis_becter
D:3:      layout_basic
D:4:      layout_basic, okawaru_metal_pillars_1_2, lightli_minifort,
          uniq_natasha, uniq_eustachio

Skill      XL: |  1  2  3  4  5 |
---------------+----------------+-----
Fighting       | 4 |  4.9
Shields        | 4 5 |  5.4
Armour         | 4 5 |  5.9
Long Blades    | 3 4 |  4.4
Dodging        | 1 |  1.4
Stealth        | |  0.2

Action                   |  1- 3 |  4- 6 || total
-------------------------+-------+-------++-------
Melee: Long sword        |    94 |   104 ||   198
       Headbutt          |    13 |    17 ||    30
  Use: Scroll            |     9 |     3 ||    12
       Potion            |     1 |     1 ||     2
Armor: Scale mail        |    99 |    46 ||   145
Dodge: Dodged            |    54 |    40 ||    94
Block: Kite shield       |   103 |    68 ||   171
       Rpst.: Long sword |    13 |    12 ||    25

Table legend: (Time is in decaauts)
 A = Elapsed time spent in this place.
 B = Non-inter-level travel time spent in this place.
 C = Inter-level travel time spent in this place.
 D = Time resting spent in this place.
 E = Time spent auto-exploring this place.
 F = Levels seen in this place.
 G = Mean time per level.
                   A        B        C        D        E       F      G
               +--------+--------+--------+--------+--------+-----+--------+
         Total |   2759 |   2701 |     58 |    222 |   1759 |   4 |  689.8 |
       Dungeon |   2759 |   2701 |     58 |    222 |   1759 |   4 |  689.8 |
               +--------+--------+--------+--------+--------+-----+--------+

Top non-repeatable levels by time:
     D:4: 857 daAuts
     D:3: 749 daAuts
     D:2: 614 daAuts
     D:1: 537 daAuts
